 Dungeon Crawl Stone Soup version 0.24.1-14-gf8d2b509d9 (console) character file.

Game seed: 1608878775845396332, levelgen mode: deterministic

1402 Kagalorn the Protected (level 8, -4/58 HPs)
             Began as a Gnoll Wanderer on Mar 4, 2021.
             Slain by an orc warrior
             ... wielding a +0 morningstar
              (20 damage)
             ... on level 5 of the Dungeon.
             The game lasted 00:13:01 (7171 turns).

Kagalorn the Protected (Gnoll Wanderer)             Turns: 7171, Time: 00:13:02

Health: -4/58      AC: 14    Str: 18    XL:     8   Next: 69%
Magic:  13/13      EV: 11    Int: 15    God:
Gold:   309        SH:  0    Dex: 13    Spells: 13/13 levels left

rFire    . . .     SeeInvis .   a - +1 rapier (venom)
rCold    . . .     Gourm    .   (no shield)
rNeg     . . .     Faith    .   c - +3 scale mail
rPois    .         Spirit   .   (no helmet)
rElec    .         Reflect  .   (no cloak)
rCorr    .         Harm     .   (no gloves)
MR       .....                  x - +1 pair of boots
Stlth    +.........             (no amulet)
HPRegen  0.19/turn              (no ring)
MPRegen  0.13/turn              (no ring)

@: no status effects
A: distributed training, fangs 1, strong nose
a: no special abilities


You were on level 5 of the Dungeon.
You were not hungry.

You visited 1 branch of the dungeon, and saw 6 of its levels.

You collected 309 gold pieces.

Inventory:

Hand Weapons
 a - a +1 rapier of venom (weapon)
 b - a +0 mace
 t - a +3 trident
Missiles
 e - 123 stones (quivered)
 h - 51 poisoned darts
 i - 173 arrows
 j - 10 atropa-tipped darts
 k - 44 sling bullets
 s - 78 bolts
 z - 7 boomerangs
Armour
 c - a +3 scale mail (worn)
 x - a +1 pair of boots (worn)
Scrolls
 m - a scroll of random uselessness {unknown}
 o - 3 scrolls of amnesia
 p - 4 scrolls of identify
 q - a scroll of remove curse
 r - 2 scrolls of enchant armour
 y - 2 scrolls of fear {unknown}
 A - a scroll of summoning {unknown}
Potions
 f - a potion of agility
 g - 2 potions of ambrosia {unknown}
 l - 3 potions of mutation {unknown}
 n - 2 potions of invisibility {unknown}
 u - 2 potions of brilliance {unknown}
 v - a potion of degeneration
 w - a potion of might
 B - 4 potions of curing
Comestibles
 d - 8 rations
 C - a chunk of flesh


   Skills:
 + Level 3.4 Fighting
 + Level 3.4 Short Blades
 + Level 3.4 Long Blades
 + Level 3.4 Axes
 + Level 3.4 Maces & Flails
 + Level 3.4 Polearms
 + Level 3.4 Staves
 + Level 3.4 Slings
 + Level 3.4 Bows
 + Level 7.4 Crossbows
 + Level 4.3 Throwing
 + Level 10.9 Armour
 + Level 3.4 Dodging
 + Level 4.2 Stealth
 + Level 3.4 Shields
 + Level 3.4 Unarmed Combat
 + Level 3.4 Spellcasting
 + Level 2.8 Conjurations
 + Level 2.8 Hexes
 + Level 2.8 Charms
 + Level 2.8 Summonings
 + Level 2.8 Necromancy
 + Level 2.8 Translocations
 + Level 2.8 Transmutations
 + Level 2.8 Fire Magic
 + Level 2.8 Ice Magic
 + Level 2.8 Air Magic
 + Level 2.8 Earth Magic
 + Level 2.8 Poison Magic
 + Level 3.8 Invocations
 + Level 3.4 Evocations


You had 13 spell levels left.
You didn't know any spells.
Your spell library was empty.

Dungeon Overview and Level Annotations

Branches:
Dungeon (6/15)
 Temple: D:4-7

Altars:
Dithmenos


Innate Abilities, Weirdness & Mutations

Your experience applies equally to all skills.
You have very sharp teeth.
Your uncanny sense of smell can sniff out nearby items.


Message History

There is an escape hatch in the ceiling here.
There is a stone staircase leading up here.
There is an open door here.
You hit the orc warrior.
The orc warrior is poisoned.
The orc warrior is lightly wounded.
The orc warrior barely misses you.
You barely miss the orc warrior. Your punch misses the orc warrior.
The orc warrior is lightly wounded.
The orc warrior hits you with a +0 morningstar!
You barely miss the orc warrior. Your bite misses the orc warrior.
The orc warrior is moderately wounded.
You closely miss the orc warrior.
The orc warrior is moderately wounded.
The orc warrior hits you with a +0 morningstar!
* * * LOW HITPOINT WARNING * * *
The orc warrior looks more healthy.
There is an open door here.
You see here a +0 spear.
The orc warrior hits you with a +0 morningstar!!
You die...

..##...######.#############..##..
..##...######.### #######
..#........+.<..# #...#
..#........#<...# #...#
######+##.###.###### ######..##
######.##.###.####.###...##..##
.#........+....#...'..........#
.#........#....'...#.........####
###.##..########@######..##..##..
######..########o######..##'###..
.....<..'.......))#.......#......
........#.........'.......#......
........#.........#.......+......
###.##..###.##..###.###+########.
###.##..###########.###.###..###.
#....#....# #................
#....#....# #................


You could see an orc warrior.

Vanquished Creatures
  Pikel (D:4)
  Eustachio (D:4)
  A necrophage (D:6)
  A bullfrog (D:6)
  2 scorpions
  A wight (D:6)
  A crimson imp (D:5)
  A centaur zombie (D:6)
  A bullfrog skeleton (D:4)
  2 orc priests (D:4)
  Terence (D:2)
  An iguana (D:5)
  Natasha (thrice) (D:3)
  4 orc wizards (D:4)
  A worker ant (D:4)
  A howler monkey skeleton (D:4)
  6 adders
  3 gnolls (D:5)
  A shadow imp (D:5)
  3 oozes
  An adder zombie (D:5)
  4 worms
  2 dart slugs
  4 leopard geckos
  7 orcs
  A ball python (D:2)
  7 bats
  3 giant cockroaches
  4 goblins
  5 hobgoblins
  10 jackals
  5 quokkas
  6 frilled lizards
  9 kobolds
  A leopard gecko skeleton (D:4)
  16 rats
121 creatures vanquished.

Vanquished Creatures (others)
  3 slaves (D:4)
  A hound (D:4)
4 creatures vanquished.

Grand Total: 125 creatures vanquished

Notes
Turn   | Place    | Note
-------+----------+-------------------------------------------
     0 | D:1      | Reached skill level 10 in Armour
     0 | D:1      | Kagalorn the Gnoll Wanderer began the quest for the Orb.
     0 | D:1      | Kagalorn set off with the following items: a +0 club, 2
                  | potions of curing, a +2 scale mail, a ration
     0 | D:1      | Reached XP level 1. HP: 13/13 MP: 1/1
   289 | D:1      | Reached XP level 2. HP: 18/19 MP: 2/2
   463 | D:1      | You fall into a shaft and drop 1 floor!
   703 | D:2      | Reached XP level 3. HP: 19/25 MP: 3/3
   754 | D:2      | Noticed Terence
   905 | D:2      | Reached skill level 1 in Invocations
  1013 | D:2      | Reached skill level 1 in Fighting
  1013 | D:2      | Reached skill level 1 in Short Blades
  1013 | D:2      | Reached skill level 1 in Long Blades
  1013 | D:2      | Reached skill level 1 in Axes
  1013 | D:2      | Reached skill level 1 in Maces & Flails
  1013 | D:2      | Reached skill level 1 in Polearms
  1013 | D:2      | Reached skill level 1 in Staves
  1013 | D:2      | Reached skill level 1 in Slings
  1013 | D:2      | Reached skill level 1 in Bows
  1013 | D:2      | Reached skill level 1 in Dodging
  1013 | D:2      | Reached skill level 1 in Shields
  1013 | D:2      | Reached skill level 1 in Unarmed Combat
  1013 | D:2      | Reached skill level 1 in Spellcasting
  1013 | D:2      | Reached skill level 1 in Evocations
  1338 | D:2      | Reached XP level 4. HP: 31/32 MP: 5/5
  1831 | D:2      | Killed Terence
  1942 | D:2      | Reached skill level 1 in Conjurations
  1942 | D:2      | Reached skill level 1 in Hexes
  1942 | D:2      | Reached skill level 1 in Charms
  1942 | D:2      | Reached skill level 1 in Summonings
  1942 | D:2      | Reached skill level 1 in Necromancy
  1942 | D:2      | Reached skill level 1 in Translocations
  1942 | D:2      | Reached skill level 1 in Transmutations
  1942 | D:2      | Reached skill level 1 in Fire Magic
  1942 | D:2      | Reached skill level 1 in Ice Magic
  1942 | D:2      | Reached skill level 1 in Air Magic
  1942 | D:2      | Reached skill level 1 in Earth Magic
  1942 | D:2      | Reached skill level 1 in Poison Magic
  2624 | D:3      | Noticed a phantom
  2823 | D:3      | Reached XP level 5. HP: 14/37 MP: 6/6
  3237 | D:3      | Noticed Natasha
  3260 | D:3      | Killed Natasha
  3549 | D:3      | Noticed Natasha
  3838 | D:3      | Killed Natasha
  3844 | D:3      | Noticed Natasha
  3992 | D:3      | Killed Natasha
  4167 | D:4      | Noticed a slave
  4167 | D:4      | Noticed a slave
  4228 | D:4      | Noticed a slave
  4228 | D:4      | Noticed a slave
  4313 | D:4      | Reached XP level 6. HP: 44/44 MP: 8/8
  4592 | D:4      | Noticed Pikel
  4632 | D:4      | Killed Pikel
  4632 | D:4      | Reached XP level 7. HP: 29/51 MP: 8/10
  4820 | D:4      | Noticed Eustachio
  5888 | D:4      | Reached XP level 8. HP: 57/57 MP: 12/12
  5914 | D:4      | Killed Eustachio
  6178 | D:5      | Entered Level 5 of the Dungeon
  6950 | D:6      | Found a shadowy altar of Dithmenos.
  7171 | D:5      | Slain by an orc warrior

Levels and vault maps discovered:
D:1:      saegor_arrival_simple_b, layout_basic, minmay_quantized
D:2:      layout_basic, minmay_misc_feat_tower, st_stairs_10, uniq_terence
D:3:      layout_loops_ring, first_ration, uniq_natasha
D:4:      layout_basic, minmay_quadrilaterals, uniq_pikel, uniq_eustachio
D:5:      layout_gridville
D:6:      layout_loops_ring, minmay_temple_entry_nine_rooms, serial_shops, shop,
          grunt_dithmenos_smoke_and_mirrors

Skill      XL: |  1  2  3  4  5  6  7  8 |
---------------+-------------------------+-----
Armour         | | 10.9
Invocations    | 1 2 3 |  3.8
Fighting       | 1 2 3 |  3.4
Short Blades   | 1 2 3 |  3.4
Long Blades    | 1 2 3 |  3.4
Axes           | 1 2 3 |  3.4
Maces & Flails | 1 2 3 |  3.4
Polearms       | 1 2 3 |  3.4
Staves         | 1 2 3 |  3.4
Slings         | 1 2 3 |  3.4
Bows           | 1 2 3 |  3.4
Dodging        | 1 2 3 |  3.4
Shields        | 1 2 3 |  3.4
Unarmed Combat | 1 2 3 |  3.4
Spellcasting   | 1 2 3 |  3.4
Evocations     | 1 2 3 |  3.4
Conjurations   | 1 2 |  2.8
Hexes          | 1 2 |  2.8
Charms         | 1 2 |  2.8
Summonings     | 1 2 |  2.8
Necromancy     | 1 2 |  2.8
Translocations | 1 2 |  2.8
Transmutations | 1 2 |  2.8
Fire Magic     | 1 2 |  2.8
Ice Magic      | 1 2 |  2.8
Air Magic      | 1 2 |  2.8
Earth Magic    | 1 2 |  2.8
Poison Magic   | 1 2 |  2.8
Throwing       | 3 4 |  4.3
Stealth        | 3 4 |  4.2
Crossbows      | 7 |  7.4

Action                   |  1- 3 |  4- 6 |  7- 9 || total
-------------------------+-------+-------+-------++-------
Melee: Unarmed           |   100 |       |       ||   100
       Bite              |    20 |    19 |    35 ||    74
       Mace              |    98 |   229 |       ||   327
       Punch             |       |     2 |     4 ||     6
       Dagger            |       |   114 |   134 ||   248
       Rapier            |       |       |   129 ||   129
Evoke: Wand              |       |     2 |     3 ||     5
  Use: Scroll            |     3 |     4 |     1 ||     8
       Potion            |       |     2 |       ||     2
 Stab: Sleeping          |       |       |     1 ||     1
  Eat: Chunk             |     1 |     8 |     2 ||    11
       Ration            |       |     1 |     2 ||     3
Armor: Scale mail        |   125 |   209 |   158 ||   492
Dodge: Dodged            |   120 |   218 |   161 ||   499
